 Dungeon Crawl Stone Soup version 0.28-a0-1395-g4f6bc678fa (webtiles) character file.

Game seed: 3883061632065023472

576 esteth the Skirmisher (level 7, -2/54 HPs)
             Began as a Djinni Hedge Wizard on Jan 4, 2022.
             Slain by a gnoll (7 damage)
             ... on level 5 of the Dungeon.
             The game lasted 00:12:13 (6131 turns).

esteth the Skirmisher (Djinni Hedge Wizard)         Turns: 6131, Time: 00:12:14

Health: -2/54      AC:  2    Str: 15    XL:     7   Next: 62%
Gold:   182        EV: 12    Int: 18    God:
                   SH:  0    Dex: 12

rFire   + + .      SeeInvis .   m - +0 dagger (venom)
rCold   x . .      Faith    .   (no shield)
rNeg    . . .      Spirit   .   b - +0 robe
rPois   ∞          Reflect  .   c - +0 hat
rElec   .          Harm     .   (no cloak)
rCorr   .          Rampage  .   (no gloves)
Will    .....                   (boots unavailable)
Stlth   ++........              h - amulet of the acrobat
HPRegen 0.18/turn               d - +6 ring of strength
MPRegen 0.00/turn               (no ring)

@: flying
A: sickness immunity, fire resistance 2, cold vulnerability 1, float, innate
caster, hp casting, extra vitality 1
a: no special abilities


You were on level 5 of the Dungeon.
You visited 1 branch of the dungeon, and saw 5 of its levels.

You collected 182 gold pieces.

Inventory:

Hand Weapons
 a - a +0 dagger
 m - a +0 dagger of venom (weapon)
Missiles
 g - 3 boomerangs
Armour
 b - a +0 robe (worn)
 c - a +0 hat (worn)
 j - a +1 leather armour of willpower
Jewellery
 d - a +6 ring of strength (left hand)
 h - an amulet of the acrobat (around neck)
Scrolls
 f - 4 scrolls of identify
 i - a scroll of magic mapping {unknown}
 n - a scroll of enchant armour {unknown}
 o - a scroll of blinking {unknown}
 p - 3 scrolls of teleportation {unknown}
 r - a scroll of vulnerability {unknown}
Potions
 l - a potion of cancellation {unknown}
 q - a potion of might {unknown}


   Skills:
 + Level 5.0 Fighting
 - Level 2.4 Dodging
 - Level 1.7 Stealth
 + Level 4.7 Spellcasting


You couldn't memorise any spells.
You knew the following spells:

 Your Spells              Type           Power      Damage    Failure   Level
a - Magic Dart            Conj           84%        1d7       1%          1
b - Blink                 Tloc           42%        N/A       3%          2
c - Call Imp              Summ           21%        N/A       3%          2
d - Slow                  Hex            84%        N/A       1%          1
e - Conjure Flame         Conj/Fire      21%        6-21      6%          3
f - Mephitic Cloud        Conj/Pois/Air  21%        N/A       6%          3
g - Sandblast             Erth           42%        2d11      1%          1
h - Static Discharge      Conj/Air       21%        N/A       3%          2
i - Call Canine Familiar  Summ           21%        N/A       6%          3
Your spell library was empty.

Dungeon Overview and Level Annotations

Branches:
Dungeon (5/15)
 Temple: D:4-7

Altars:
Ashenzari
Cheibriados

Annotations:
D:1 exclusion: downstairs
D:2 exclusion: downstairs


Innate Abilities, Weirdness & Mutations

You are immune to sickness and miasma.
You are immune to poison.
Your flesh is very heat resistant. (rF++)
You are vulnerable to cold. (rC-)
You float through the air rather than walking.
You learn spells naturally, not from books.
Your magical power is your life essence.
You have superior vitality. (+4 MHP)


Message History

The gnoll hits the gnoll with a +1 flail of venom!
The gnoll is killed!
The orc wizard moves out of view.
Your Fighting skill increases to level 5!
You see here a +0 dagger.
A white imp comes into view.
An orc priest comes into view. It is wielding a +0 club.
The gnoll is engulfed in noxious fumes.
The gnoll appears confused.
The gnoll hits you with a +1 flail of venom!
The gnoll closely misses you.
The gnoll shaman calls down the wrath of its god upon you.
You easily resist.
Things that are here:
a +0 flail; a throwing net You are too injured to fight recklessly!
You are too injured to fight recklessly!
You are too injured to fight recklessly!
You see here a +0 dagger.
The gnoll is engulfed in noxious fumes.
The gnoll appears confused.
You hit the gnoll.
The gnoll is heavily wounded.
The gnoll hits you from afar with a +0 spear!
The gnoll shaman calls upon its god to speed up the gnoll.
The gnoll seems to speed up.
As you read the scroll labelled PIOMER IWYOCRINOC, it crumbles to dust.
The scroll dissolves into smoke.
It was a scroll of fog.
The gnoll hits you from afar with a +0 spear.
* * * LOW HITPOINT WARNING * * *
The gnoll closely misses you.
The orc wizard gestures wildly while chanting.
The orc wizard flickers and vanishes!
Deactivating autopickup; reactivate with Ctrl-A.
As you read the scroll labelled VOILAM PACIUK, it crumbles to dust.
It is a scroll of amnesia.
You feel forgetful for a moment.
The gnoll hits you from afar with a +0 spear!
* * * LOW HITPOINT WARNING * * *
The orc priest looks braver for a moment.
The gnoll hits you from afar with a +0 spear!
You die...

. ..... ... #..... .<. #
#..... . #.# .# #.... #.#
#..#######..#.. .#.##
..####..§§§§).).....
....##.....###§§@Z)5.o....
...........##..§§ggg.{....
...........#............#.
.........#......######..#
##.......##....## ...
#............#..# ..
............##.## .
.........#.###.#
....).##...##..###


You could see a gnoll shaman, an orc priest, 2 gnolls, a white imp and a
scorpion zombie.

Vanquished Creatures
  An ogre (D:5)
  2 scorpions
  A howler monkey (D:3)
  2 hounds (D:4)
  A centaur skeleton (D:4)
  Terence (D:2)
  3 orc wizards
  A mummy (D:4)
  3 gnolls
  3 adders
  A howler monkey skeleton (D:4)
  2 worms
  A dart slug (D:1)
  5 orcs
  3 endoplasms
  4 giant cockroaches
  6 goblins
  3 hobgoblins
  A quokka (D:3)
  2 ball pythons
  3 bats
  4 frilled lizards
  A goblin zombie (D:4)
  7 kobolds
  An orc zombie (D:4)
  10 rats
72 creatures vanquished.

Notes
Turn   | Place    | Note
-------+----------+-------------------------------------------
     0 | D:1      | esteth the Djinni Hedge Wizard began the quest for the Orb.
     0 | D:1      | Reached XP level 1. HP: 15/15 MP: 0/0
   435 | D:1      | Reached XP level 2. HP: 19/21 MP: 0/0
   561 | D:1      | Found a faded altar of an unknown god.
   943 | D:1      | Reached skill level 1 in Fighting
  1008 | D:1      | Reached XP level 3. HP: 24/27 MP: 0/0
  1008 | D:1      | Learned a level 1 spell: Sandblast
  1182 | D:2      | Noticed Terence
  1457 | D:2      | Killed Terence
  1458 | D:2      | Reached skill level 2 in Fighting
  1458 | D:2      | Reached XP level 4. HP: 21/33 MP: 0/0
  2197 | D:3      | Noticed a scorpion
  2569 | D:3      | Killed a scorpion
  2570 | D:3      | Reached XP level 5. HP: 14/40 MP: 0/0
  2570 | D:3      | Learned a level 2 spell: Static Discharge
  2877 | D:3      | Reached skill level 3 in Fighting
  3151 | D:3      | Found a large runed translucent door.
  3152 | D:3      | Found a large runed translucent door.
  3167 | D:3      | Reached XP level 6. HP: 33/46 MP: 0/0
  3541 | D:3      | Found a snail-covered altar of Cheibriados.
  3544 | D:3      | Found a broken altar of Ashenzari.
  4146 | D:4      | Found a sand-covered staircase.
  4207 | D:4      | Reached skill level 4 in Fighting
  4689 | D:4      | Reached XP level 7. HP: 7/52 MP: 0/0
  4689 | D:4      | Learned a level 3 spell: Call Canine Familiar
  5735 | D:5      | Entered Level 5 of the Dungeon
  6126 | D:5      | Reached skill level 5 in Fighting
  6131 | D:5      | Slain by a gnoll

Illustrated notes

Levels and vault maps discovered:
D:1:      eino_arrival_water_cross, layout_basic,
          shapermc_ecumenical_altar_starsandcircs
D:2:      layout_rooms, serial_bayou_pond_a, uniq_terence
D:3:      layout_loops_cross, jmf_multi_god_temple2
D:4:      minmay_wonky_spiral, layout_basic, portal_sewer_entry_e,
          nicolae_ossuary_entry_giza
D:5:      layout_cave_pools, minmay_temple_entry_from_below_a

Skill      XL: |  1  2  3  4  5  6  7 |
---------------+----------------------+-----
Fighting       | 1 2 3 4 5 |  5.0
Spellcasting   | 3 4 |  4.7
Dodging        | |  2.4
Stealth        | |  1.7

Action                   |  1- 3 |  4- 6 |  7- 9 || total
-------------------------+-------+-------+-------++-------
Melee: Dagger            |    23 |   169 |    62 ||   254
 Cast: Magic Dart        |    58 |    29 |       ||    87
       Mephitic Cloud    |     3 |     4 |     2 ||     9
       Call Imp          |     1 |     2 |       ||     3
       Slow              |       |     2 |       ||     2
       Conjure Flame     |       |     3 |       ||     3
       Call Canine Famil |       |       |     1 ||     1
  Use: Potion            |     1 |     4 |       ||     5
       Scroll            |       |     1 |     2 ||     3
 Stab: Confused          |     1 |     3 |       ||     4
       Sleeping          |       |     2 |     1 ||     3
Armor: Robe              |     2 |    22 |     5 ||    29
Dodge: Dodged            |    13 |   119 |    41 ||   173

Table legend: (Time is in decaauts)
 A = Elapsed time spent in this place.
 B = Non-inter-level travel time spent in this place.
 C = Inter-level travel time spent in this place.
 D = Time resting spent in this place.
 E = Time spent auto-exploring this place.
 F = Levels seen in this place.
 G = Mean time per level.
                   A        B        C        D        E       F      G
               +--------+--------+--------+--------+--------+-----+--------+
         Total |   6139 |   5977 |    162 |   2887 |   2220 |   5 | 1227.8 |
       Dungeon |   6139 |   5977 |    162 |   2887 |   2220 |   5 | 1227.8 |
               +--------+--------+--------+--------+--------+-----+--------+

Top non-repeatable levels by time:
     D:4: 2113 daAuts
     D:3: 1350 daAuts
     D:1: 1276 daAuts
     D:2: 1003 daAuts
     D:5: 395 daAuts
